 Dungeon Crawl Stone Soup version 0.31-a0-816-gd61d57ddb1 (webtiles) character file.

Game seed: 4895525590739359062

343 Essalna the Conjurer (level 6, 41/41 HPs)
             Began as a Demonspawn Conjurer on Sept 22, 2023.
             Was an Initiate of Vehumet.
             Got out of the dungeon alive.
             The game lasted 00:06:04 (3378 turns).

Essalna the Conjurer (Demonspawn Conjurer)          Turns: 3378, Time: 00:06:05

Health: 41/41      AC:  9    Str:  7    XL:     6   Next: 31%
Magic:  12/12      EV: 11    Int: 21    God:    Vehumet [......]
Gold:   194        SH:  4    Dex: 18    Spells: 11/14 levels left

rFire   + . .        m - +2 whip "Ciukepn" {freeze, rElec rF+}
rCold   . . .        o - +0 buckler
rNeg    . . .        p - +3 robe of Articulation {rElec}
rPois   .            (helmet restricted)
rElec   +            (no cloak)
rCorr   .            (no gloves)
SInv    .            g - +0 pair of boots
Will    .....        (no amulet)
Stlth   ++           c - +6 ring of dexterity
HPRegen 0.26/turn    (no ring)
MPRegen 0.13/turn

%: no passive effects
@: no status effects
A: horns 1, slimy green scales 2, spiny 1
a: Renounce Religion


You escaped.
You worshipped Vehumet.
Vehumet was noncommittal.
You visited 1 branch of the dungeon, and saw 4 of its levels.

You collected 194 gold pieces.

Inventory:

Hand Weapons
 d - a +0 short sword
 j - a +0 spear of venom
 m - the +2 whip "Ciukepn" (weapon) {freeze, rElec rF+}
   (You found it on level 3 of the Dungeon)

   rF+:       It protects you from fire.
   rElec:     It insulates you from electricity.
Armour
 a - a +0 robe
 g - a +0 pair of boots (worn)
 o - a +0 buckler (worn)
 p - the +3 robe of Articulation (worn) {rElec}
   (You found it on level 4 of the Dungeon)

   rElec:     It insulates you from electricity.
Jewellery
 c - a +6 ring of dexterity (left hand)
Wands
 h - a wand of acid (7)
 q - a wand of flame (32)
Scrolls
 f - 2 scrolls of identify {unknown}
 l - a scroll of revelation {unknown}
 n - a scroll of amnesia {unknown}
Potions
 b - a potion of magic
 e - a potion of resistance {unknown}
 i - 2 potions of curing {unknown}
 k - a potion of heal wounds {unknown}


   Skills:
 - Level 1.7 Dodging
 - Level 1.7 Stealth
 + Level 4.5 Spellcasting
 + Level 6.1 Conjurations


You had 11 spell levels left.
You knew the following spells:

 Your Spells              Type           Power      Damage    Failure   Level
a - Magic Dart            Conj           100%       1d8       1%          1
b - Searing Ray           Conj           60%        2d6       2%          2

Your spell library contained the following spells:

 Spells                   Type           Power      Damage    Failure   Level
 Dazzling Flash           Conj/Hex       34%        N/A       16%         3
 Fulminant Prism          Conj/Hex       8%         3d6       47%         4
 Iskenderun's Mystic Bla  Conj/Tloc      17%        2d5       47%         4


Dungeon Overview and Level Annotations

Branches:
Dungeon (4/15)
 Temple: D:4-7

Altars:
Gozag
Vehumet


Innate Abilities, Weirdness & Mutations

You have a pair of small horns on your head.
You are mostly covered in slimy green scales. (AC +3)
You are partially covered in sharp spines.


Message History

q - a wand of flame (32) (gained 18 charges)
You now have 194 gold pieces (gained 11).
You enter the shallow water.
Moving in this stuff is going to be slow.
An adder comes into view.
An adder is nearby!
The adder hisses angrily.
You block the adder's attack. The adder is struck by your spines.
The adder bites you. The adder bites you. The adder is struck by your spines.
The adder bites you but does no damage. The adder is struck by your spines.
The adder bites you.
You are poisoned.
The adder poisons you!
You feel sick.
The adder bites you but does no damage. x2
You feel sick. The adder is struck by your spines.
You kill the adder!
Vehumet accepts your kill.
You feel sick.
You feel sick.
You feel sick.
You feel sick.
You are no longer poisoned.
You enter the shallow water.
Moving in this stuff is going to be slow.
You see here an adder corpse.
There is a stone staircase leading up here.
You climb upwards.
There is a stone staircase leading down here.
HP restored.
There is a stone staircase leading up here.
You climb upwards.
There is a stone staircase leading down here.
There is a stone staircase leading up, spattered with blood here.
You climb upwards.
There is a stone staircase leading down, spattered with blood here.
You enter the shallow water.
Moving in this stuff is going to be slow.
There is a staircase leading out of the dungeon here.
You have escaped!

##.#############.# #.#
.................# #.#
##.#############.# #.#
........########.########.#
...####.#≈§§§≈≈≈.≈≈≈≈§§§#.#
......#.#§≈§§§.....§§≈§§#.#
.####.#.#≈≈....~~~..§§§≈#.#
....#.#.#≈...~~~.~~~...≈#.#
###.#.#.....~~~.@..~~§§≈#.###
#.#.#.#≈...~~~.~~~...≈#...#
###.#.#.#≈≈[...~~~....§≈##.##
⌠.....#.#≈≈≈≈≈.....§≈≈§§##.#
......#.#§≈≈≈≈≈≈≈≈≈≈≈≈≈≈##.#
⌠._.⌠.#.##################.##
......#.....................#
⌠.....############.##########
####### #.#


There were no monsters in sight!

Vanquished Creatures
  An ogre (D:4)
  An orc priest (D:3)
  Natasha (D:2)
  2 orc wizards
  4 gnolls
  5 adders
  A worm (D:2)
  A dart slug (D:2)
  5 orcs
  5 ball pythons
  7 endoplasms
  3 giant cockroaches
  9 goblins
  4 hobgoblins
  4 jackals (D:1)
  7 kobolds
  A quokka (D:1)
  2 bats
  10 rats
73 creatures vanquished.

Notes
Turn   | Place    | Note
-------+----------+-------------------------------------------
     0 | D:1      | Essalna the Demonspawn Conjurer began the quest for the
                  | Orb.
     0 | D:1      | Reached XP level 1. HP: 13/13 MP: 3/3
   390 | D:1      | Gained mutation: You are partially covered in slimy green
                  | scales. (AC +2) [demonic ancestry]
   390 | D:1      | Reached XP level 2. HP: 19/19 MP: 0/5
   848 | D:1      | Found a faded altar of an unknown god.
   857 | D:1      | Gained mutation: You are partially covered in sharp spines.
                  | [demonic ancestry]
   857 | D:1      | Reached XP level 3. HP: 24/24 MP: 2/7
  1474 | D:1      | Learned a level 2 spell: Searing Ray
  1480 | D:2      | Gained mutation: You are mostly covered in slimy green
                  | scales. (AC +3) [demonic ancestry]
  1480 | D:2      | Reached XP level 4. HP: 20/30 MP: 2/8
  1558 | D:2      | Reached skill level 5 in Conjurations
  2217 | D:2      | Noticed Natasha
  2224 | D:2      | Killed Natasha
  2225 | D:2      | Reached XP level 5. HP: 17/35 MP: 10/10
  2697 | D:3      | Found an opulent altar of Gozag.
  2810 | D:3      | Identified the +2 whip "Ciukepn" {freeze, rElec rF+}
  3094 | D:4      | Found a radiant altar of Vehumet.
  3102 | D:4      | Identified the +3 robe of Articulation {rElec}
  3119 | D:4      | Became a worshipper of Vehumet
  3137 | D:4      | Noticed an ogre
  3143 | D:4      | Killed an ogre
  3144 | D:4      | Reached skill level 6 in Conjurations
  3144 | D:4      | Gained mutation: You have a pair of small horns on your
                  | head. [demonic ancestry]
  3144 | D:4      | Reached XP level 6. HP: 41/41 MP: 1/12
  3378 | D:$      | Got out of the dungeon alive.

Illustrated notes

Levels and vault maps discovered:
D:1:      dpeg_arrival_shrine, layout_basic, hellmonk_ecumenical_altar_run_dry,
          minmay_misc_feat_chi
D:2:      layout_loops_ring, basic_altar, grunt_ministairs_14, uniq_natasha
D:3:      layout_loops_ring, mainiacjoe_overflow_alcove_1,
          kennysheep_generic_room_2
D:4:      layout_rooms, vehumet_altar_wand_db, kennysheep_small_spiral,
          chequers_big_river

Skill      XL: |  1  2  3  4  5 |
---------------+----------------+-----
Spellcasting   | 3 4 |  4.5
Conjurations   | 5 6 |  6.1
Dodging        | |  1.7
Stealth        | |  1.7

Action                     |  1- 3 |  4- 6 || total
---------------------------+-------+-------++-------
  Melee: Unarmed           |    20 |       ||    20
         Short sword       |    41 |       ||    41
         Spear             |       |    20 ||    20
         Whip              |       |    10 ||    10
         Headbutt          |       |     1 ||     1
   Cast: Magic Dart        |    59 |    58 ||   117
         Searing Ray       |     1 |     2 ||     3
 Armour: Robe              |    42 |    23 ||    65
  Dodge: Dodged            |    41 |    10 ||    51
  Block: Buckler           |       |     2 ||     2

Table legend: (Time is in decaauts)
 A = Elapsed time spent in this place.
 B = Non-inter-level travel time spent in this place.
 C = Inter-level travel time spent in this place.
 D = Time resting spent in this place.
 E = Time spent auto-exploring this place.
 F = Levels seen in this place.
 G = Mean time per level.
                   A        B        C        D        E       F      G
               +--------+--------+--------+--------+--------+-----+--------+
         Total |   3387 |   3209 |    178 |     55 |   2632 |   4 |  846.8 |
       Dungeon |   3387 |   3209 |    178 |     55 |   2632 |   4 |  846.8 |
               +--------+--------+--------+--------+--------+-----+--------+

Top non-repeatable levels by time:
     D:1: 1349 daAuts
     D:2: 1172 daAuts
     D:3: 608 daAuts
     D:4: 255 daAuts
